 Dungeon Crawl Stone Soup version 0.26.1-2-gb8aa6d0cf2 (webtiles) character file.

Game seed: 2646092086898335069

166 Acheron the Chopper (level 5, -2/32 HPs)
             Began as a Gargoyle Gladiator on Mar 4, 2021.
             Slain by a gnoll
             ... wielding a cursed +0 whip
              (3 damage)
             ... on level 4 of the Dungeon.
             The game lasted 00:05:09 (2296 turns).

Acheron the Chopper (Gargoyle Gladiator)            Turns: 2296, Time: 00:05:10

Health: -2/32      AC:  8    Str: 17    XL:     5   Next: 47%
Magic:  5/5        EV: 12    Int:  9    God:
Gold:   120        SH:  0    Dex: 12    Spells: 4/4 levels left

rFire    . . .     SeeInvis .   a - +0 war axe
rCold    . . .     Faith    .   (no shield)
rNeg     + . .     Spirit   .   b - +0 leather armour
rPois    ∞         Reflect  .   q - +0 helmet
rElec    +         Harm     .   (no cloak)
rCorr    .         Rampage  .   (no gloves)
Will     .....                  (no boots)
Stlth    ++........             (no amulet)
HPRegen  0.10/turn              (no ring)
MPRegen  0.09/turn              (no ring)

@: no status effects
A: negative energy resistance 1, electricity resistance, unbreathing,
petrification resistance, miasma immunity, AC +4
a: no special abilities


You were on level 4 of the Dungeon.
You visited 1 branch of the dungeon, and saw 5 of its levels.

You collected 120 gold pieces.

Inventory:

Hand Weapons
 a - a +0 war axe (weapon)
Missiles
 d - 3 throwing nets
 e - 2 javelins (quivered)
 k - 7 atropa-tipped darts
 o - 17 stones
Armour
 b - a +0 leather armour (worn)
 c - a +0 helmet
 q - a +0 helmet (worn)
Jewellery
 m - an uncursed ring of flight {unknown}
Scrolls
 f - 4 scrolls of enchant weapon {unknown}
 g - 2 scrolls of identify {unknown}
 j - a scroll of fog {unknown}
 n - a scroll of blinking {unknown}
Potions
 h - a potion of heal wounds {unknown}
 i - 2 potions of berserk rage {unknown}
 l - a potion of mutation {unknown}
 p - a potion of curing {unknown}


   Skills:
 * Level 2.9 Fighting
 + Level 3.6 Axes
 * Level 2.2 Throwing
 * Level 2.0 Armour
 * Level 3.1 Dodging
 * Level 1.9 Stealth


You had 4 spell levels left.
You didn't know any spells.
Your spell library was empty.

Dungeon Overview and Level Annotations

Branches:
Dungeon (5/15)
 Temple: D:4-7

Altars:
Nemelex Xobeh

Annotations:
D:4 exclusion: downstairs


Innate Abilities, Weirdness & Mutations

You are resistant to torment.
Your stone body is resilient. (AC +4)
You are immune to poison.
You resist negative energy. (rN+)
You are resistant to electric shocks. (rElec)
You can survive without breathing.
You are immune to petrification.
You are immune to miasma.


Message History

Your Armour skill increases to level 2!
You completely miss the gnoll.
The gnoll hits you with a cursed +0 whip!
* * * LOW HITPOINT WARNING * * *
You hit the gnoll.
The gnoll is heavily wounded.
The gnoll hits you with a cursed +0 whip.
* * * LOW HITPOINT WARNING * * *
You hit the gnoll.
The gnoll is almost dead.
The gnoll barely misses you. The gnoll closely misses you.
You completely miss the gnoll.
The gnoll is almost dead.
The gnoll hits you with a cursed +0 whip.
* * * LOW HITPOINT WARNING * * *
Okay, then.
You hit the gnoll but do no damage.
The gnoll is almost dead.
The gnoll hits you with a cursed +0 whip.
You die...

#.#.# #.#.# #.#.########
#.#.#.......
#.#.#.......
#.#.#.......
#.#.#....>..
#.###########.#.##.##.##
#.....g@......#.##.##..#
###############....##...
########.# #.. ####.
#.... #.... #.... #####


You could see a gnoll.

Vanquished Creatures
  A worker ant (D:4)
  A hound skeleton (D:4)
  6 gnolls
  An adder (D:2)
  A worm (D:2)
  3 dart slugs
  3 leopard geckos
  An orc (D:4)
  3 ball pythons (D:1)
  2 giant cockroaches
  8 goblins
  3 hobgoblins
  A quokka (D:4)
  5 bats
  3 frilled lizards
  A jackal skeleton (D:4)
  5 kobolds
  3 rats (D:1)
51 creatures vanquished.

Notes
Turn   | Place    | Note
-------+----------+-------------------------------------------
     0 | D:1      | Acheron the Gargoyle Gladiator began the quest for the Orb.
     0 | D:1      | Reached XP level 1. HP: 12/12 MP: 1/1
   120 | D:1      | Reached XP level 2. HP: 17/17 MP: 2/2
   524 | D:1      | Reached skill level 1 in Stealth
   524 | D:1      | Reached XP level 3. HP: 22/22 MP: 3/3
   865 | D:2      | Reached skill level 1 in Armour
   865 | D:2      | Reached XP level 4. HP: 27/27 MP: 4/4
  1937 | D:5      | Entered Level 5 of the Dungeon
  1979 | D:4      | Reached XP level 5. HP: 31/32 MP: 5/5
  2223 | D:4      | Found a sparkling altar of Nemelex Xobeh.
  2295 | D:4      | HP: 1/32 [gnoll/cursed +0 whip (3)]
  2296 | D:4      | Slain by a gnoll

Illustrated notes

Levels and vault maps discovered:
D:1:      amcnicky_arrival_wind_blow, layout_basic
D:2:      layout_basic
D:3:      layout_loops_cross, old_standard_altar
D:4:      layout_basic, lemuel_crystal_altar,
          chequers_temple_overflow_minitemple, nemelex_diamond_rough_becter
D:5:      layout_rooms, uniq_pikel

Skill      XL: |  1  2  3  4  5 |
---------------+----------------+-----
Stealth        | 1 |  1.9
Axes           | 3 |  3.6
Throwing       | 2 |  2.2
Armour         | 1 2 |  2.0
Dodging        | 3 |  3.1
Fighting       | |  2.9

Action                   |  1- 3 |  4- 6 || total
-------------------------+-------+-------++-------
Melee: War axe           |    90 |    77 ||   167
 Stab: Sleeping          |     1 |     1 ||     2
Armor: Leather armour    |    43 |    29 ||    72
Dodge: Dodged            |    71 |    72 ||   143
